Map: 蓝移-天梯版

Players

Semper - Winner!

  • Race: Terran Terran
  • Spawn Location: 1:00

Cyan

  • Race: Protoss Protoss
  • Spawn Location: 7:00

Event: WCS Montreal 2018

VOD

Have the link to the VOD?

Description

Time

  • Played on: Sept. 7, 2018, 7:35 p.m.
  • Length: 11:17

All games in this series

Show
View Real Time Build Order
Export as new Build Order

Semper Terran - Winner!

Build Orders: Cyclone Opening, Reaper Expand, MMM Bio 

Get SALT Encoding   

  12  0:00  SCV  
  13  0:12  SCV  
  14  0:17  Supply Depot  
  14  0:24  SCV  
  15  0:38  SCV  
  15  0:40  Barracks  
  16  0:43  Refinery  
  16  0:50  SCV  
  17  1:02  SCV  
  18  1:15  SCV  
  19  1:27  Orbital Command  
  19  1:28  Reaper  
  20  1:39  Command Center  
  20  1:51  Supply Depot  
  20  1:52  SCV  
  21  1:59  Marine  
  22  2:04  SCV  
  22  2:07  Factory  
  23  2:13  Refinery  
  23  2:16  SCV  
  23  2:21  Barracks Reactor  
  24  2:31  SCV  
  25  2:47  SCV  
  25  2:54  Cyclone  
  25  2:57  Marine x2  
  30  3:00  Orbital Command  
  30  3:04  SCV  
  31  3:09  Starport  
  31  3:16  SCV  
  31  3:17  Marine x2  
  34  3:26  SCV  
  37  3:27  Widow Mine  
  37  3:31  SCV  
  37  3:33  Supply Depot  
  38  3:35  Marine x2  
  38  3:40  SCV  
  40  3:43  SCV  
  40  3:46  Medivac  
  45  3:48  Widow Mine  
  45  3:50  Supply Depot  
  45  3:52  SCV  
  45  3:55  Marine x2  
  48  3:56  Barracks  
  48  3:58  SCV  
  49  4:03  Bunker  
  49  4:06  SCV  
  50  4:12  Marine x2  
  50  4:15  Barracks  
  50  4:17  SCV  
  53  4:18  Factory Tech Lab  
  53  4:22  Starport Tech Lab  
  53  4:23  SCV  
  54  4:27  Supply Depot  
  54  4:30  Engineering Bay, SCV, Marine  
  57  4:38  SCV  
  57  4:40  Refinery  
  57  4:42  SCV  
  58  4:47  Factory Reactor  
  58  4:49  Marine x2  
  58  4:50  SCV  
  61  4:54  SCV  
  61  4:57  Starport Reactor  
  62  5:02  Marauder, SCV  
  62  5:03  Stimpack  
  62  5:06  SCV, Supply Depot  
  66  5:09  Terran Infantry Weapons Level 1  
  66  5:10  Bunker, Combat Shields, Marine  
  67  5:14  SCV  
  68  5:23  SCV  
  68  5:25  Marine, Supply Depot  
  68  5:26  Supply Depot  
  68  5:28  Marauder  
  72  5:29  Marauder  
  72  5:31  SCV  
  72  5:32  Marine  
  72  5:35  Medivac  
  78  5:40  Medivac  
  78  5:45  Supply Depot  
  78  5:47  SCV, Marine  
  78  5:48  SCV, Supply Depot  
  81  5:53  Marine  
  81  5:54  Marauder  
  84  6:00  SCV  
  84  6:07  Medivac  
  85  6:11  Marine  
  85  6:12  Marauder, Widow Mine  
  85  6:13  Widow Mine  
  85  6:16  Supply Depot  
  92  6:19  Refinery  
  92  6:22  Marine  
  92  6:23  Marauder  
  95  6:26  Medivac  
  95  6:29  Marine  
  95  6:31  Concussive Shells  
  98  6:34  SCV, Widow Mine x2  
  103  6:44  Marine  
  103  6:46  Command Center  
  104  6:54  Marine  
  104  6:58  Marine  
  104  6:59  Widow Mine  
  108  7:04  Medivac, Barracks  
  108  7:05  Medivac  
  108  7:06  Barracks  
  101  7:18  Marine x2  
  101  7:19  Marauder  
  101  7:22  Marine  
  104  7:27  Widow Mine x2  
  107  7:34  Medivac  
  107  7:36  Marine x2  
  111  7:40  Marauder, Marine  
  96  7:54  Marine x2  
  96  7:56  Barracks Reactor, Barracks Tech Lab  
  96  7:57  SCV x2  
  96  7:58  Marauder, Terran Infantry Armor Level 1  
  101  7:59  Orbital Command  
  101  8:02  Medivac  
  101  8:04  Medivac  
  105  8:06  Widow Mine x2  
  103  8:20  Marauder x3, Marine x2  
  103  8:21  Liberator x2  
  103  8:23  SCV x2, Orbital Command  
  103  8:25  Starport  
  113  8:32  Marine  
  114  8:38  Marine  
  121  8:41  Marauder  
  121  8:47  Marine  
  124  8:50  SCV, Supply Depot x2  
  124  8:51  SCV  
  124  8:52  SCV  
  126  8:58  Marine  
  126  9:01  Marine  
  126  9:02  Marine x3  
  124  9:13  Marine  
  124  9:14  Marauder, SCV x2  
  124  9:16  Marine  
  119  9:18  SCV  
  119  9:19  Marine  
  119  9:22  Liberator x3  
  119  9:23  Missile Turret  
  121  9:24  Liberator, Refinery  
  121  9:26  SCV x2  
  123  9:33  Marauder, Marine x2  
  123  9:34  Marine  
  123  9:35  Marauder  
  123  9:37  Marine  
  131  9:38  Marine  
  140  9:50  Marine  
  140  9:51  Marine  
  140  9:52  Marine  
  141  9:53  Refinery, Supply Depot  
  141  9:55  Marauder, Marine x2  
  141  9:56  Marine  
  146  10:05  Liberator x2  
  146  10:08  Marine  
  146  10:09  Marine  
  146  10:10  Marine  
  146  10:13  Marine x2  
  147  10:15  Marauder  
  147  10:16  Marine  
  147  10:19  Supply Depot  
  150  10:22  Armory  
  150  10:26  Marine x2  
  150  10:27  Marine, Viking x2  
  156  10:31  Marine  
  156  10:32  Marauder  
  156  10:33  Marine  
  156  10:35  Engineering Bay  
  156  10:37  Marine  
  156  10:45  Marine  
  156  10:47  Marine  
  154  10:53  Marine  
  154  10:54  Marine  
  136  11:03  SCV x2  
Show
View Real Time Build Order
Export as new Build Order

Cyan Protoss 

Build Orders: 1 Gate Expand, Colossus Rush 

Get SALT Encoding   

  12  0:01  Probe  
  13  0:13  Probe  
  14  0:18  Pylon  
  14  0:24  Probe  
  15  0:33  Probe  
  15  0:36  Gateway  
  15  0:41  Probe  
  16  0:46  Assimilator  
  17  0:51  Probe  
  18  1:03  Probe  
  19  1:16  Probe  
  20  1:23  Cybernetics Core  
  20  1:33  Nexus  
  20  1:40  Pylon  
  20  1:42  Probe  
  21  1:48  Assimilator  
  21  1:51  Adept  
  21  1:54  Probe  
  21  2:01  Warp Gate  
  24  2:06  Probe  
  25  2:09  Stalker  
  24  2:19  Probe  
  27  2:31  Probe  
  28  2:37  Stalker  
  28  2:43  Probe  
  31  2:44  Robotics Facility  
  31  2:48  Probe  
  32  2:53  Probe  
  33  3:00  Probe  
  33  3:01  Probe  
  35  3:09  Probe  
  35  3:12  Stalker, Probe  
  39  3:21  Probe  
  39  3:24  Probe  
  41  3:29  Pylon  
  41  3:32  Observer  
  41  3:33  Probe  
  42  3:36  Probe  
  42  3:39  Gateway  
  42  3:40  Gateway  
  44  3:45  Probe  
  44  3:46  Immortal  
  45  3:48  Probe  
  50  3:57  Probe  
  50  3:59  Pylon  
  50  4:00  Assimilator  
  50  4:02  Probe  
  52  4:07  Assimilator  
  53  4:10  Probe  
  53  4:14  Pylon, Probe  
  53  4:15  Warp Prism  
  54  4:22  Probe  
  55  4:26  Probe  
  56  4:32  Robotics Bay  
  56  4:34  Probe  
  56  4:35  Forge  
  56  4:38  Probe  
  58  4:39  Sentry x2  
  62  4:45  Pylon  
  62  4:50  Observer  
  63  5:05  Observer  
  63  5:08  Protoss Ground Weapons Level 1  
  64  5:15  Stalker  
  64  5:16  Stalker  
  68  5:21  Pylon  
  68  5:26  Pylon  
  68  5:29  Pylon  
  68  5:32  Colossus  
  74  5:43  Gateway  
  74  5:46  Gateway x2  
  72  6:05  Nexus  
  72  6:09  Extended Thermal Lance  
  72  6:10  Stalker x2  
  76  6:17  Colossus  
  76  6:20  Probe  
  77  6:26  Pylon  
  83  6:34  Probe  
  83  6:41  Twilight Council  
  83  6:44  Probe  
  83  6:46  Probe  
  85  6:49  Zealot  
  85  6:50  Sentry, Zealot  
  85  6:51  Zealot  
  93  6:56  Probe  
  93  6:58  Probe  
  93  7:00  Protoss Ground Armor Level 1  
  95  7:05  Pylon  
  95  7:06  Stalker  
  95  7:08  Stalker, Probe  
  98  7:15  Stalker  
  96  7:17  Zealot  
  91  7:24  Stalker  
  91  7:26  Pylon  
  91  7:28  Charge  
  89  7:30  Stalker  
  91  7:40  Observer  
  91  7:41  Pylon  
  89  7:49  Nexus  
  89  7:53  Colossus  
  87  7:59  Observer  
  87  8:00  Nexus  
  93  8:07  Stalker x2  
  93  8:12  Probe x2  
  98  8:18  Zealot x3  
  104  8:24  Nexus  
  104  8:29  Probe  
  104  8:30  Probe  
  106  8:37  Stalker x2  
  108  8:42  Stalker  
  108  8:45  Stalker, Observer  
  111  8:54  Colossus  
  117  8:57  Sentry  
  109  9:17  Stalker x2, Probe x2  
  109  9:24  Pylon  
  114  9:28  Stalker  
  116  9:38  Stalker  
  116  9:44  Zealot  
  118  9:49  Observer  
  119  10:00  Stalker x2, Sentry  
  119  10:02  Zealot  
  127  10:08  Zealot  
  127  10:09  Zealot  
  131  10:15  Disruptor  
  131  10:20  Pylon, Observer  
  134  10:21  Pylon  
  132  10:32  Zealot x4  
  140  10:37  Zealot  
  140  10:38  Pylon  
  140  10:39  Zealot  
  92  10:58  Zealot x5  
  92  11:02  Zealot  
Tags
 
Add a new tag
Caveats
  • Supply blocks, unpowered buildings, or Contaminate may cause inaccurate times.
  • Supply counts are checked every 10 seconds.